 Dungeon Crawl Stone Soup version 0.17.1-2-g5865329 (webtiles) character file.

60 siprus the Insei (level 3, -3/30 HPs)
             Began as a Demonspawn Monk on Jan 26, 2016.
             Slain by a quokka (4 damage)
             ... summoned by Eustachio
             ... on level 4 of the Dungeon.
             The game lasted 00:03:05 (995 turns).

siprus the Insei (Demonspawn Monk)                   Turns: 995, Time: 00:03:05

Health: -3/30      AC:  9    Str: 12      XL:     3   Next: 82%
Magic:  3/3        EV:  6    Int:  7 (11) God:
Gold:   54         SH:  0    Dex: 15      Spells: 0 memorised, 2 levels left

rFire  . . .     SeeInvis .       - Unarmed
rCold  . . .     Clarity  .     h - +0 chain mail
rNeg   . . .     SustAt   .     (no shield)
rPois  +         Gourm    .     (no helmet)
rElec  .         Spirit   .     (no cloak)
rCorr  .         Warding  .     (no gloves)
rMut   .         Stasis   .     e - +0 pair of boots
MR     .....                    (no amulet)
Stlth  ..........               (no ring)
                                g - ring of poison resistance

@: very slightly contaminated, invisible, not resistant to hostile enchantments,
extremely unstealthy
A: claws 1, powered by death 1
a: no special abilities


You were on level 4 of the Dungeon.
You were hungry.

You visited 1 branch of the dungeon, and saw 4 of its levels.

You collected 54 gold pieces.

Inventory:

Armour
 e - a +0 pair of boots (worn)
 h - a +0 chain mail (worn)
Jewellery
 g - a ring of poison resistance (left claw)
Scrolls
 c - 4 scrolls of identify {unknown}
 d - a scroll of immolation {unknown}
 j - 3 scrolls of teleportation {unknown}
Comestibles
 a - 2 chunks of flesh
 b - a bread ration
 i - a slice of pizza


   Skills:
 + Level 3.8 Fighting
 + Level 1.1 Armour
 - Level 2.6 Dodging
 - Level 1.7 Stealth
 * Level 4.1 Unarmed Combat


You had 2 spell levels left.
You didn't know any spells.

Dungeon Overview and Level Annotations

Branches:
Dungeon (4/15)
 Temple: D:4-7

Altars:
The Shining One

Annotations:
D:3 siprus's ghost, weakling DsMo
D:4 Eustachio


Innate Abilities, Weirdness & Mutations

You have sharp fingernails.
You regenerate a little health from kills.


Message History

* * * LOW HITPOINT WARNING * * *
The quokka bites you but does no damage.
The river rat barely misses you. Eustachio hits you but does no damage.
Your chain mail prevents you from hitting Eustachio.
Eustachio is almost dead.
Eustachio hits you but does no damage.
The quokka bites you but does no damage.
The river rat bites you but does no damage.
You miss Eustachio.
Eustachio is almost dead.
Eustachio hits you but does no damage.
The quokka bites you but does no damage.
Eustachio screams, "At last I'll have my revenge!"
Eustachio gestures wildly while chanting.
The river rat bites you but does no damage.
You miss Eustachio.
Eustachio is almost dead.
You are feeling hungry.
The quokka bites you.
You die...

#..........#
...........# ###
...........# ..
...........# ..
#..........# .#
#.........# .5#
#........###b.##..
#.......##r@b.....
#........r@#
#......<####
.....#..##
.......## ......#
##...# ##.. #. #


You could see Eustachio, a quasit, a river rat, a quokka and 2 bats.

Vanquished Creatures
  3 adders (D:3)
  2 worms (D:3)
  3 orcs
  2 goblins (D:3)
  A hobgoblin (D:1)
  2 kobolds
  3 ball pythons
  3 bats
  2 giant cockroaches (D:3)
  A giant gecko (D:2)
  A quokka (D:4)
  5 rats
28 creatures vanquished.

Notes
Turn   | Place    | Note
--------------------------------------------------------------
     0 | D:1      | siprus the Demonspawn Monk began the quest for the Orb.
     0 | D:1      | Reached XP level 1. HP: 18/18 MP: 1/1
   221 | D:3      | Noticed an orc priest
   223 | D:3      | Noticed siprus's ghost (weakling DsMo)
   224 | D:3      | Gained mutation: You have sharp fingernails. [demonic ancestry]
   224 | D:3      | Reached XP level 2. HP: 22/24 MP: 2/2
   464 | D:2      | Found a glowing golden altar of the Shining One.
   525 | D:3      | Gained mutation: You regenerate a little health from kills. [demonic ancestry]
   525 | D:3      | Reached XP level 3. HP: 13/29 MP: 3/3
   543 | D:4      | Noticed Eustachio
   635 | D:3      | Reached skill level 1 in Armour
   635 | D:3      | Reached skill level 4 in Unarmed Combat
   992 | D:4      | HP: 1/30 [Eustachio/rapier of speed (3)]
   995 | D:4      | Slain by a quokka

Action                   || total
-------------------------++-------
Melee: Unarmed           ||   134
  Use: Potion            ||     2
 Stab: Sleeping          ||     5
       Invisible         ||     2
